Map: Ruins of Endion

Players

visco - Winner!

  • Race: Protoss Protoss

America

  • Race: Zerg Zerg
  • League: Silver

VOD

Have the link to the VOD?

Description

Time

  • Played on: April 10, 2016, 10:29 a.m.
  • Length: 16:46
Show
View Real Time Build Order
Export as new Build Order

visco Protoss - Winner!

Build Orders: 1 Gate Expand 

Get SALT Encoding   

  12  0:01  Probe (Chrono Boost)  
  13  0:16  Probe (Chrono Boost)  
  13  0:20  Pylon  
  14  0:27  Probe (Chrono Boost)  
  15  0:33  Assimilator  
  15  0:38  Probe (Chrono Boost)  
  16  0:46  Pylon  
  16  0:49  Probe (Chrono Boost)  
  17  0:58  Gateway  
  17  0:59  Probe (Chrono Boost)  
  18  1:11  Probe (Chrono Boost)  
  19  1:21  Probe (Chrono Boost)  
  20  1:32  Probe (Chrono Boost)  
  21  1:43  Nexus  
  21  1:50  Cybernetics Core  
  21  1:52  Probe (Chrono Boost)  
  22  2:02  Zealot  
  22  2:03  Probe (Chrono Boost)  
  25  2:12  Assimilator  
  25  2:13  Probe (Chrono Boost)  
  26  2:21  Pylon  
  26  2:28  Warp Gate  
  26  2:30  Probe (Chrono Boost)  
  26  2:34  Adept  
  29  2:41  Probe (Chrono Boost)  
  30  2:51  Probe (Chrono Boost)  
  30  2:58  Probe (Chrono Boost)  
  32  3:02  Probe (Chrono Boost)  
  32  3:04  Gateway  
  33  3:08  Probe (Chrono Boost)  
  35  3:13  Probe (Chrono Boost)  
  35  3:15  Adept  
  37  3:24  Mothership Core (Chrono Boost)  
  37  3:26  Twilight Council  
  39  3:27  Pylon  
  39  3:31  Gateway  
  36  3:48  Adept  
  38  3:53  Probe (Chrono Boost)  
  39  4:02  Resonating Glaives (Chrono Boost)  
  39  4:03  Probe (Chrono Boost), Adept  
  42  4:29  Gateway  
  42  4:38  Probe  
  43  4:43  Stalker x2  
  47  4:50  Pylon  
  47  5:07  Pylon  
  47  5:14  Stalker x3  
  49  5:19  Adept  
  55  5:35  Charge (Chrono Boost)  
  55  5:40  Nexus  
  37  6:01  Zealot  
  37  6:02  Zealot x2  
  35  6:22  Probe  
  32  6:34  Probe  
  33  6:46  Probe  
  33  6:51  Zealot  
  33  6:52  Zealot, Probe  
  35  6:58  Probe  
  36  7:03  Probe  
  37  7:12  Stalker  
  37  7:13  Probe  
  40  7:24  Probe  
  41  7:32  Stalker  
  41  7:34  Adept x2  
  47  7:41  Probe  
  48  7:45  Probe  
  49  7:52  Probe  
  49  7:55  Blink (Chrono Boost)  
  49  7:57  Probe  
  49  8:02  Probe  
  36  8:13  Zealot x2  
  36  8:14  Zealot  
  41  8:24  Pylon  
  41  8:25  Probe  
  42  8:36  Probe  
  43  8:46  Adept  
  43  8:47  Adept  
  47  8:50  Probe  
  48  9:00  Probe  
  49  9:08  Adept x2  
  53  9:10  Zealot x2  
  54  9:35  Stalker x2  
  54  9:36  Stalker x2  
  62  10:04  Stalker x2, Sentry  
  62  10:05  Sentry  
  70  10:12  Forge  
  70  10:15  Forge  
  70  10:28  Robotics Facility  
  70  10:30  Pylon, Nexus  
  70  10:31  Probe  
  71  10:42  Probe  
  70  10:46  Zealot  
  70  10:47  Zealot x2  
  77  10:50  Sentry  
  79  10:57  Photon Cannon  
  79  11:00  Photon Cannon  
  79  11:11  Adept x2  
  81  11:12  Adept  
  85  11:19  Observer  
  85  11:21  Protoss Ground Armor Level 1 (Chrono Boost)  
  85  11:23  Protoss Ground Weapons Level 1 (Chrono Boost)  
  86  11:36  Pylon  
  86  11:38  Pylon  
  86  11:54  Probe x2  
  72  12:16  Stalker x3  
  72  12:17  Stalker  
  59  12:54  Pylon  
  55  13:09  Stalker x4  
  57  13:32  Nexus  
  55  13:38  Protoss Ground Weapons Level 2 (Chrono Boost)  
  55  13:39  Protoss Ground Armor Level 2 (Chrono Boost)  
  55  13:48  Probe  
  46  14:03  Mothership Core  
  44  14:24  Zealot  
  44  14:25  Zealot x2  
  44  14:26  Zealot  
  44  14:30  Assimilator  
  52  14:31  Probe  
  52  14:34  Assimilator  
  51  14:43  Probe  
  52  14:48  Pylon  
  52  14:51  Probe  
  53  14:55  Probe  
  54  15:01  Probe  
  55  15:10  Zealot x3  
  55  15:12  Probe  
  59  15:34  Probe  
  59  15:35  Probe x2  
  62  15:49  Probe  
  63  16:00  Pylon  
  63  16:01  Probe  
  64  16:13  Probe  
Show
View Real Time Build Order
Export as new Build Order

America Zerg 

Build Orders: Pool First, Muta Ling Bane 

Get SALT Encoding   

  12  0:00  Drone  
  13  0:08  Drone  
  14  0:17  Overlord  
  14  0:33  Spawning Pool  
  13  0:37  Drone  
  13  0:41  Drone  
  15  0:45  Drone  
  16  0:52  Drone  
  17  1:00  Extractor  
  17  1:01  Drone  
  17  1:10  Drone  
  18  1:20  Queen  
  18  1:22  Zergling x2  
  21  1:41  Zergling x2  
  22  1:53  Overlord  
  22  1:54  Hatchery  
  21  1:56  Overlord  
  21  2:03  Zergling x2  
  22  2:24  Zergling x2  
  23  2:36  Zergling x2  
  23  2:37  Zergling x2  
  25  2:40  Zergling x6  
  27  2:49  Roach Warren, Zergling x2  
  27  2:52  Metabolic Boost  
  27  2:58  Zergling x2  
  28  3:06  Queen  
  28  3:07  Drone  
  28  3:11  Zergling x2  
  32  3:19  Drone  
  33  3:20  Zergling x4  
  34  3:42  Zergling x2  
  34  3:43  Zergling x8  
  39  3:53  Extractor, Zergling x2  
  39  4:04  Drone  
  39  4:05  Baneling Nest  
  39  4:13  Drone x2  
  41  4:23  Drone x2  
  41  4:30  Lair  
  41  4:31  Drone  
  41  4:35  Drone  
  43  4:41  Drone  
  44  4:50  Spore Crawler  
  44  4:52  Overlord  
  43  5:06  Drone  
  44  5:07  Overlord  
  44  5:12  Baneling  
  44  5:13  Baneling x5  
  44  5:25  Zergling x6  
  44  5:26  Zergling x2  
  48  5:36  Drone x3  
  34  5:58  Zergling x2  
  34  5:59  Zergling x8  
  38  6:19  Zergling x8  
  38  6:20  Zergling x2  
  40  6:26  Zergling x4  
  42  6:34  Spire, Drone  
  37  6:56  Zergling x6  
  37  6:57  Zergling x4  
  37  6:59  Baneling x3  
  37  7:00  Baneling x3  
  42  7:03  Zergling x10  
  42  7:04  Zergling x2  
  48  7:09  Drone  
  49  7:18  Hydralisk Den, Zergling x2  
  49  7:19  Zergling x2  
  50  7:29  Zergling x4  
  52  7:30  Baneling  
  52  7:31  Baneling x3  
  52  7:38  Drone x4  
  52  7:42  Extractor  
  52  7:43  Zergling x2  
  52  7:44  Zergling x2  
  51  8:02  Zergling x8  
  51  8:03  Zergling x2  
  44  8:20  Zergling x10  
  44  8:25  Mutalisk  
  51  8:41  Drone, Spore Crawler  
  51  8:50  Hatchery  
  51  8:52  Zergling x6  
  51  8:55  Centrifical Hooks  
  53  9:00  Drone  
  53  9:01  Drone  
  55  9:03  Drone x3  
  48  9:28  Roach x3  
  48  9:29  Roach x2  
  48  9:31  Zergling x2  
  55  9:32  Evolution Chamber x2  
  53  9:42  Drone  
  54  9:46  Mutalisk x2  
  54  9:51  Overlord  
  58  10:02  Roach x3  
  64  10:09  Queen, Overlord  
  66  10:27  Mutalisk x4  
  74  10:30  Mutalisk  
  76  10:45  Zergling x2  
  76  10:46  Zergling x6  
  80  10:50  Overlord x2  
  80  10:56  Drone  
  81  11:08  Zerg Melee Weapons Level 1, Infestation Pit  
  81  11:10  Zerg Ground Armor Level 1  
  81  11:11  Mutalisk x2  
  80  11:18  Baneling x4  
  84  11:19  Baneling x3  
  84  11:33  Drone x2  
  84  11:34  Drone x4  
  84  11:38  Drone x2  
  92  11:42  Extractor, Drone x2  
  92  11:43  Drone  
  94  11:48  Drone  
  95  12:03  Spore Crawler  
  76  12:18  Mutalisk x4  
  76  12:20  Zergling x4  
  76  12:21  Zergling x14  
  73  12:50  Zergling x12  
  73  12:51  Zergling x4  
  72  12:52  Queen  
  72  12:57  Zergling x2  
  51  13:07  Zergling x6  
  44  13:18  Zergling x2  
  44  13:19  Zergling x4  
  42  13:25  Mutalisk x3  
  42  13:27  Baneling  
  42  13:28  Baneling  
  42  13:31  Zergling x6  
  41  13:45  Zergling x10  
  44  13:50  Zergling x2  
  36  14:12  Spine Crawler, Zergling x4  
  36  14:13  Spine Crawler, Zergling x10  
  36  14:15  Spine Crawler  
  40  14:23  Zergling x2  
  40  14:24  Zergling x2  
  42  14:27  Zergling x2  
  41  14:41  Drone x3  
  44  14:46  Drone  
  45  14:55  Baneling Nest  
  31  15:30  Drone x5  
  31  15:31  Drone x3  
  34  15:36  Zergling x2  
  34  15:42  Baneling x3  
  35  15:47  Zergling x4  
  37  16:01  Zergling x4  
  39  16:05  Hatchery  
  30  16:28  Zergling x6  
Tags
 
Add a new tag
Caveats
  • Supply blocks, unpowered buildings, or Contaminate may cause inaccurate times.
  • Supply counts are checked every 10 seconds.